 Dungeon Crawl Stone Soup version 0.19.1 (webtiles) character file.

11984 ChaseSP the Cleaver (level 12, -13/88 HPs)
             Began as a Formicid Fighter on Dec 4, 2016.
             Was a High Priest of Qazlal.
             Mangled by a hill giant
             ... wielding a +0 giant club
              (32 damage)
             ... on level 10 of the Dungeon.
             The game lasted 00:20:38 (9266 turns).

ChaseSP the Cleaver (Formicid Fighter)              Turns: 9266, Time: 00:20:38

Health: -13/88     AC: 19    Str: 23    XL:     12   Next: 14%
Magic:  15/15      EV:  5    Int: 10    God:    Qazlal [*****.]
Gold:   538        SH: 26    Dex: 13    Spells: 0 memorised, 11 levels left

rFire  + . .     SeeInvis +     G - +0 broad axe
rCold  . . .     Gourm    .     g - +0 plate armour
rNeg   . . .     Faith    .     e - +2 large shield
rPois  .         Spirit   .     (helmet unavailable)
rElec  .         Reflect  .     h - +0 cloak
rCorr  .         Harm     .     (no gloves)
MR     +....                    Q - +2 pair of boots {Stlth+}
Stlth  ..........               (no amulet)
                                q - +2 ring of strength
                                T - ring of protection from fire

@: protected from physical damage, repel missiles
A: permanent stasis, dig shafts and tunnels, four strong arms, antennae 3
a: Dig, Shaft Self, Upheaval, Elemental Force, Disaster Area, Renounce Religion


You were on level 10 of the Dungeon.
You worshipped Qazlal.
Qazlal was extremely pleased with you.
You were hungry.

You visited 2 branches of the dungeon, and saw 11 of its levels.
You also visited: Sewer and Ossuary.

You collected 678 gold pieces.
You spent 140 gold pieces at shops.

Inventory:

Hand Weapons
 a - a +1 war axe
 G - a +0 broad axe (weapon)
 S - a +0 morningstar
Missiles
 L - 85 bolts
Armour
 c - a +0 shield
 e - a +2 large shield (worn)
 g - a +0 plate armour (worn)
 h - a +0 cloak (worn)
 x - a +0 chain mail
 Q - a +2 pair of boots of stealth (worn)
Jewellery
 q - a +2 ring of strength (right hand)
 y - an uncursed ring of flight
 F - an uncursed ring of resist corrosion
 H - an uncursed ring of loudness
 J - an uncursed ring of wizardry
 K - an uncursed ring of protection from magic
 T - a ring of protection from fire (left hand)
Wands
 A - a wand of random effects (28/48)
 E - a wand of digging (18/24)
Scrolls
 b - a scroll of fear {unknown}
 k - 9 scrolls of teleportation
 l - 2 scrolls of noise
 m - 2 scrolls of enchant weapon
 z - 2 scrolls of amnesia {unknown}
 B - a scroll of enchant armour {unknown}
 C - 5 scrolls of immolation
 D - a scroll of random uselessness {unknown}
 N - 4 scrolls of identify
 P - a scroll of summoning {unknown}
 R - a scroll of fog
Potions
 i - 6 potions of flight
 j - 3 potions of curing
 o - 2 potions of cure mutation
 p - 6 potions of lignification
 s - a potion of ambrosia
 v - a potion of agility
 w - 3 potions of berserk rage
 O - a potion of brilliance {unknown}
Comestibles
 d - 6 chunks of flesh
 f - 9 bread rations
 r - 13 fruits
 u - 5 meat rations
 I - 2 slices of pizza
 M - a beef jerky


   Skills:
 - Level 6.0 Fighting
 * Level 14.3 Axes
 - Level 5.4 Armour
 + Level 10.8 Shields
 + Level 4.4 Invocations


You had 11 spell levels left.
You didn't know any spells.

Dungeon Overview and Level Annotations

Branches:
Dungeon (10/15)            Temple (1/1) D:6            Lair (0/6) D:10
    Orc (0/2) D:9

Altars:
Ashenzari
Dithmenos
Elyvilon
Fedhas
Gozag
Kikubaaqudgha
Makhleb
Qazlal
Ru
Sif Muna
Trog
Xom
Yredelemnul
Beogh

Shops:
D:4 *


Innate Abilities, Weirdness & Mutations

You are under a permanent stasis effect.
You can dig through walls and to a lower floor.
Your four strong arms can wield two-handed weapons with a shield.
You have a pair of large antennae on your head. (SInv)


Message History

You hit the hill giant. You block the cyclops's attack.
The hill giant hits you with a giant club!!
* * * LOW HITPOINT WARNING * * *
Unknown command.
You are too injured to fight recklessly!
You are too injured to fight recklessly!
Unknown command.
You slash the hill giant!
The hill giant is almost dead.
You slice the cyclops!!
You kill the cyclops!
Qazlal accepts your kill. You block the hill giant's attack.
Your shield and plate armour prevent you from hitting the hill giant.
The hill giant is almost dead.
You are feeling hungry.
You completely miss the hill giant.
The hill giant is almost dead.
The hill giant hits you with a giant club!!
You die...

#................
.......
#########.######
#####.. #.# #..
#.# #.. #.# #..
#.# #.. #.#######
#..
########........
#..
......(@§#######
......[C.#
.....§.§§#
.........#
........>#
.........#
..........
########..


You could see a hill giant.

Vanquished Creatures
  Harold (D:10)
  2 unseen horrors
  Pikel (D:4)
  A cyclops (D:10)
  An elephant (D:10)
  4 slime creatures
  2 hippogriffs
  Sigmund (D:2)
  A wyvern (D:9)
  A spriggan (D:7)
  16 yaks
  Grum (D:8)
  3 hungry ghosts
  Eustachio (D:6)
  2 ice beasts
  2 black bears (D:9)
  5 ogres
  2 sky beasts
  2 orc warriors
  A phantom (D:9)
  2 necrophages
  4 centaurs
  2 wolves (D:8)
  A crocodile (D:10)
  4 bullfrogs
  A gnoll sergeant (D:9)
  A water moccasin zombie (D:8)
  2 scorpions
  3 killer bees
  3 howler monkeys
  3 wights (D:10)
  A bullfrog zombie (D:6)
  5 jellies
  3 crimson imps
  2 orc priests
  6 hounds
  2 centaur skeletons
  2 human zombies (Ossuary)
  4 orc wizards
  Ijyb (D:3)
  Natasha (twice) (D:3)
  Terence (D:3)
  4 iguanas
  4 worker ants
  A killer bee zombie (D:8)
  A big kobold zombie (Ossuary)
  6 ogre zombies (D:9)
  2 hound skeletons
  A howler monkey zombie (D:8)
  4 mummies (Ossuary)
  2 worker ant zombies
  13 gnolls
  11 adders
  5 oozes
  An adder zombie (D:5)
  An adder skeleton (D:8)
  8 worms
  A dart slug (D:1)
  7 leopard geckos
  38 orcs
  4 ball pythons
  4 giant cockroaches
  2 gnoll zombies (Ossuary)
  9 goblins
  6 hobgoblins
  18 jackals
  5 quokkas
  16 bats
  5 frilled lizards
  A goblin skeleton (D:9)
  2 goblin zombies
  2 hobgoblin zombies
  A kobold (D:3)
  4 orc skeletons (D:9)
  13 orc zombies
  2 quokka skeletons
  6 rats
315 creatures vanquished.

Vanquished Creatures (others)
  An ogre (D:4)
1 creature vanquished.

Grand Total: 316 creatures vanquished

Notes
Turn   | Place    | Note
-------+----------+-------------------------------------------
     0 | D:1      | ChaseSP the Formicid Fighter began the quest for the Orb.
     0 | D:1      | Reached XP level 1. HP: 18/18 MP: 1/1
    77 | D:1      | Reached XP level 2. HP: 24/24 MP: 2/2
   443 | D:1      | Reached XP level 3. HP: 29/29 MP: 3/3
   581 | D:1      | Reached skill level 3 in Axes
  1294 | D:2      | Reached XP level 4. HP: 35/35 MP: 4/4
  1473 | D:2      | Noticed Sigmund
  1484 | D:2      | Killed Sigmund
  1484 | D:2      | Reached skill level 5 in Axes
  1484 | D:2      | Reached skill level 5 in Shields
  1484 | D:2      | Reached XP level 5. HP: 41/41 MP: 5/5
  1484 | D:2      | Reached XP level 6. HP: 47/47 MP: 6/6
  1855 | D:3      | Found a glowing drain.
  1869 | Sewer    | Entered a sewer
  2686 | D:3      | Noticed Ijyb
  2701 | D:3      | Killed Ijyb
  2701 | D:3      | Reached XP level 7. HP: 44/52 MP: 7/7
  2850 | D:3      | Found a sacrificial altar of Ru.
  3049 | D:3      | Noticed Terence
  3070 | D:3      | Killed Terence
  3244 | D:3      | Noticed Natasha
  3253 | D:3      | Killed Natasha
  3253 | D:3      | Reached skill level 6 in Axes
  3290 | D:3      | Noticed Natasha
  3301 | D:3      | Killed Natasha
  3334 | D:4      | Found a bloodstained altar of Trog.
  3334 | D:4      | Found a shattered altar of Ashenzari.
  3438 | D:4      | Found a sand-covered staircase.
  3450 | Ossuary  | Entered an ossuary
  3740 | D:4      | Noticed Pikel
  3757 | D:4      | Killed Pikel
  3757 | D:4      | Reached skill level 7 in Axes
  3757 | D:4      | Reached XP level 8. HP: 46/58 MP: 8/8
  3840 | D:4      | Reached skill level 8 in Axes
  3923 | D:4      | Found Verhot's Assorted Antiques.
  3928 | D:4      | Bought a scroll labeled FACUNA ZELOI for 20 gold pieces
  3928 | D:4      | Bought a scroll of identify for 40 gold pieces
  3928 | D:4      | Bought a broad axe for 80 gold pieces
  4272 | D:5      | Entered Level 5 of the Dungeon
  4478 | D:5      | Reached XP level 9. HP: 63/63 MP: 9/9
  4547 | D:5      | Reached skill level 9 in Axes
  5136 | D:6      | Noticed an unseen horror
  5157 | D:6      | Killed an unseen horror
  5157 | D:6      | Reached skill level 10 in Axes
  5183 | D:6      | Found a basalt altar of Yredelemnul.
  5458 | D:6      | Found a staircase to the Ecumenical Temple.
  5490 | Temple   | Entered the Ecumenical Temple
  5561 | Temple   | Became a worshipper of Qazlal Stormbringer
  5821 | D:6      | Noticed Eustachio
  5846 | D:6      | Killed Eustachio
  5914 | D:7      | Noticed a hippogriff
  5933 | D:7      | Killed a hippogriff
  5933 | D:7      | Reached skill level 11 in Axes
  5933 | D:7      | Reached XP level 10. HP: 54/69 MP: 10/10
  6269 | D:7      | Reached * piety under Qazlal
  6497 | D:8      | Reached skill level 12 in Axes
  6918 | D:8      | Noticed Grum
  6925 | D:8      | Reached skill level 5 in Fighting
  6929 | D:8      | Reached skill level 5 in Armour
  6938 | D:8      | Killed Grum
  6938 | D:8      | Reached XP level 11. HP: 29/79 MP: 11/11
  7329 | D:8      | Reached ** piety under Qazlal
  8017 | D:9      | Reached skill level 13 in Axes
  8139 | D:9      | Reached *** piety under Qazlal
  8207 | D:9      | Found a staircase to the Orcish Mines.
  8224 | D:9      | Reached **** piety under Qazlal
  8269 | D:9      | Reached skill level 10 in Shields
  8291 | D:9      | Found a roughly hewn altar of Beogh.
  8526 | D:9      | Reached skill level 1 in Invocations
  8687 | D:10     | Entered Level 10 of the Dungeon
  8725 | D:10     | Noticed an elephant
  8738 | D:10     | Killed an elephant
  8738 | D:10     | Reached ***** piety under Qazlal
  8752 | D:10     | Paralysed by fainting for 11 turns
  8785 | D:10     | Noticed Harold
  8799 | D:9      | Reached skill level 14 in Axes
  9039 | D:10     | Noticed an unseen horror
  9040 | D:10     | Found a staircase to the Lair.
  9048 | D:10     | Killed an unseen horror
  9056 | D:10     | Reached XP level 12. HP: 82/88 MP: 14/14
  9073 | D:10     | Killed Harold
  9266 | D:10     | Mangled by a hill giant

Skill      XL: |  1  2  3  4  5  6  7  8  9 10 11 12 |
---------------+-------------------------------------+-----
Shields        | 4 5 7 8 9 10 | 10.8
Axes           | 3 5 7 8 11 12 14 | 14.3
Fighting       | 5 6 |  6.0
Armour         | 5 |  5.4
Invocations    | 3 4 |  4.4

Action                   |  1- 3 |  4- 6 |  7- 9 | 10-12 || total
-------------------------+-------+-------+-------+-------++-------
Melee: War axe           |    90 |   153 |   160 |       ||   403
       Broad axe         |       |       |   233 |   581 ||   814
 Abil: Dig               |       |     1 |       |     3 ||     4
  Use: Scroll            |       |     6 |     8 |     3 ||    17
       Potion            |       |     1 |     1 |     5 ||     7
  Eat: Chunk             |     1 |     6 |     9 |    13 ||    29
       Beef jerky        |       |       |     1 |       ||     1
       Royal jelly       |       |       |       |     2 ||     2
Armor: Scale mail        |    43 |    44 |       |       ||    87
       Chain mail        |       |    17 |   116 |    18 ||   151
       Plate armour      |       |       |       |   150 ||   150
Dodge: Dodged            |    27 |    51 |    42 |    55 ||   175
       Deflected         |       |       |       |     2 ||     2
Block: Shield            |    59 |    94 |     7 |       ||   160
       Large shield      |       |       |   342 |   633 ||   975
